AoeStats
← R1b7n12

Arabia

509629634Analyzed
1v1 RM · 4d ago on Sep 27, 2026· 40m 58s· 2 players
Game mode
Random Map
Map size
Tiny (2 player)
Population
200
Speed
Normal
Resources
Standard
Victory
Conquest
Starting age
Dark Age
Ending age
Imperial Age
RankedLock teamsTeams togetherTeam positionsShared explorationLock speedFull tech treeHidden civsTurbo modeCheats
Victory
Defeat
🇪🇸 Burgundians · Spain
1059
+14
🇩🇪 Ethiopians · Germany
1016
-14
FLAKOSKY
6:01 Loom
9:19 Feudal Age
8:24 Double-Bit Axe
15:10 Fletching
19:34 Padded Archer Armor
20:45 Horse Collar
23:22 Wheelbarrow
22:32 Town Watch
22:48 Heavy Plow
22:45 Gold Mining
28:08 Castle Age
27:28 Stone Mining
28:30 Scale Barding Armor
29:12 Husbandry
29:31 Forging
30:30 Stone Shaft Mining
30:24 Cavalier
36:09 Gold Shaft Mining
36:26 Bow Saw
36:11 Crossbowman
39:27 Bodkin Arrow
R1b7n12
7:00 Loom
9:43 Feudal Age
10:14 Double-Bit Axe
10:14 Horse Collar
15:06 Fletching
24:22 Castle Age
24:37 Crossbowman
32:27 Bodkin Arrow
35:22 Scale Mail Armor
38:41 Padded Archer Armor
Connection lost

Rejoining the realm…

Still unreachable

The connection could not be restored.

Session expired

The server has moved on; the page needs a fresh start.